Map: Dusk Towers

Players

Kelazhur - Winner!

  • Race: Terran Terran
  • League: Master

Chubz

  • Race: Protoss Protoss
  • League: Master

Event: DreamHack ZOWIE Open Leipzig

VOD

Have the link to the VOD?

Description

Time

  • Played on: Jan. 22, 2016, 7:37 p.m.
  • Length: 9:14

All games in this series

Show
View Real Time Build Order
Export as new Build Order

Kelazhur Terran - Winner!

Build Orders: Cyclone Opening, MMM Bio 

Get SALT Encoding   

  12  0:00  SCV  
  13  0:13  SCV  
  14  0:18  Supply Depot  
  14  0:25  SCV  
  15  0:39  SCV  
  15  0:41  Barracks  
  16  0:45  Refinery  
  16  0:52  SCV  
  16  0:56  Refinery  
  17  1:04  SCV  
  18  1:16  SCV  
  19  1:28  Reaper, Orbital Command  
  19  1:32  Supply Depot  
  20  1:44  Factory  
  20  1:54  Supply Depot  
  20  2:01  Reaper  
  21  2:05  SCV  
  22  2:18  SCV  
  23  2:30  SCV  
  23  2:32  Factory Tech Lab  
  24  2:37  Starport  
  24  2:42  SCV  
  24  2:54  SCV  
  24  2:56  Cyclone  
  28  2:59  Liberator  
  28  3:03  Supply Depot  
  28  3:11  Command Center  
  31  3:25  SCV  
  32  3:38  Cyclone  
  32  3:39  Barracks  
  32  3:40  SCV  
  36  3:45  Supply Depot  
  35  3:56  Liberator  
  35  3:57  SCV  
  36  4:02  Barracks  
  36  4:09  SCV  
  40  4:22  SCV  
  41  4:24  Orbital Command  
  41  4:33  Barracks Reactor  
  41  4:34  SCV  
  42  4:41  Marine  
  43  4:46  SCV  
  43  4:49  Stimpack, Marine  
  43  4:50  Factory Reactor  
  43  4:51  SCV  
  46  4:58  Barracks  
  46  4:59  SCV  
  49  5:00  Barracks, Marauder  
  49  5:03  SCV  
  50  5:07  Supply Depot  
  50  5:11  SCV, Marine  
  50  5:12  Marine x2  
  54  5:15  SCV  
  57  5:21  Marauder  
  57  5:23  SCV  
  58  5:31  Marine x3  
  58  5:34  SCV  
  59  5:42  Marauder  
  61  5:44  Medivac x2  
  61  5:45  SCV  
  61  5:47  Supply Depot  
  61  5:49  Marine x3  
  69  5:50  SCV, Engineering Bay  
  69  5:53  Factory Reactor  
  69  5:54  Barracks Reactor  
  70  5:57  Refinery x2  
  70  6:01  Barracks Tech Lab  
  70  6:02  SCV  
  70  6:03  SCV, Marine  
  73  6:14  SCV, Marine  
  73  6:15  Marine x2  
  77  6:19  SCV  
  78  6:26  SCV  
  78  6:27  Terran Infantry Weapons Level 1  
  78  6:28  Missile Turret  
  78  6:29  Supply Depot, Missile Turret  
  79  6:35  SCV  
  79  6:38  SCV  
  80  6:43  Combat Shields  
  80  6:44  Marauder x2, Marine  
  80  6:45  Marine  
  86  6:50  Marine x2  
  86  6:51  Supply Depot  
  88  6:55  SCV x2  
  90  7:02  Supply Depot  
  90  7:06  Marauder  
  90  7:07  Marauder  
  94  7:13  Barracks Reactor, Marine x2  
  96  7:16  Concussive Shells  
  97  7:28  Marauder  
  98  7:30  Command Center  
  91  7:44  Marine  
  91  7:45  Marauder, Marine  
  91  7:48  Marine x2  
  92  7:58  Marauder, Marine x2  
  95  7:59  SCV  
  95  8:02  Marine x2  
  96  8:05  Marine  
  96  8:06  SCV, Marauder  
  96  8:10  Medivac x2  
  96  8:11  SCV  
  105  8:21  Marine  
  105  8:22  Armory  
  105  8:23  Engineering Bay  
  105  8:25  SCV  
  106  8:32  Marauder x2  
  110  8:41  SCV, Marine x2  
Show
View Real Time Build Order
Export as new Build Order

Chubz Protoss 

Build Orders: 1 Gate Expand 

Get SALT Encoding   

  12  0:01  Probe (Chrono Boost)  
  13  0:11  Probe (Chrono Boost)  
  14  0:18  Pylon  
  14  0:22  Probe (Chrono Boost)  
  15  0:36  Probe (Chrono Boost)  
  15  0:37  Gateway  
  15  0:41  Assimilator  
  16  0:47  Probe (Chrono Boost)  
  17  0:57  Probe (Chrono Boost)  
  18  1:08  Probe (Chrono Boost)  
  19  1:19  Nexus  
  19  1:22  Probe (Chrono Boost)  
  20  1:33  Cybernetics Core  
  20  1:36  Probe (Chrono Boost)  
  22  1:47  Assimilator  
  22  1:48  Zealot (Chrono Boost)  
  23  2:02  Pylon  
  23  2:18  Probe  
  23  2:21  Adept (Chrono Boost)  
  25  2:30  Probe x2  
  27  2:42  Probe  
  26  2:46  Probe  
  26  2:54  Probe  
  26  2:56  Probe, Robotics Facility  
  26  2:57  Warp Gate  
  26  3:06  Probe (Chrono Boost)  
  26  3:07  Probe (Chrono Boost)  
  28  3:18  Probe (Chrono Boost)  
  28  3:19  Probe (Chrono Boost)  
  30  3:29  Mothership Core (Chrono Boost)  
  30  3:30  Probe (Chrono Boost)  
  32  3:40  Probe (Chrono Boost)  
  32  3:41  Assimilator  
  33  3:47  Probe (Chrono Boost)  
  34  3:51  Probe (Chrono Boost)  
  33  3:58  Probe (Chrono Boost), Observer  
  33  4:01  Probe (Chrono Boost)  
  36  4:06  Pylon, Stargate  
  36  4:08  Pylon  
  36  4:09  Probe (Chrono Boost)  
  37  4:12  Probe (Chrono Boost)  
  40  4:17  Stalker  
  40  4:19  Probe (Chrono Boost)  
  40  4:22  Probe (Chrono Boost)  
  40  4:23  Observer  
  43  4:30  Probe (Chrono Boost)  
  44  4:33  Probe (Chrono Boost)  
  44  4:37  Assimilator  
  44  4:43  Probe (Chrono Boost)  
  45  4:51  Phoenix (Chrono Boost)  
  45  4:52  Probe  
  47  4:55  Probe  
  49  5:02  Probe  
  49  5:07  Probe  
  51  5:13  Probe  
  51  5:19  Phoenix (Chrono Boost)  
  54  5:27  Probe  
  55  5:34  Probe  
  54  5:40  Probe  
  56  5:45  Probe  
  57  5:52  Probe  
  57  5:56  Probe  
  59  6:04  Probe, Nexus  
  59  6:06  Probe, Pylon  
  61  6:11  Pylon  
  61  6:17  Probe  
  61  6:20  Gateway  
  61  6:25  Gateway  
  61  6:32  Probe  
  62  6:34  Sentry, Pylon  
  62  6:36  Pylon  
  62  6:38  Immortal (Chrono Boost)  
  68  6:45  Probe  
  68  6:46  Probe  
  70  6:53  Gateway  
  70  6:56  Gateway  
  70  7:02  Robotics Bay  
  68  7:22  Stalker  
  70  7:27  Stalker  
  70  7:28  Stalker  
  66  7:49  Stalker  
  64  7:52  Disruptor (Chrono Boost)  
  64  7:55  Stalker  
  64  7:56  Stalker  
  69  8:05  Stalker x2  
  71  8:08  Probe  
  72  8:30  Probe  
  72  8:32  Probe  
  72  8:38  Stalker x2  
  76  8:43  Nexus  
  76  8:46  Stalker  
  81  8:55  Stalker x2  

Tags
 
Add a new tag
Caveats
  • Supply blocks, unpowered buildings, or Contaminate may cause inaccurate times.
  • Supply counts are checked every 10 seconds.